 Dungeon Crawl Stone Soup version 0.21.1-1-g345015fe64 (webtiles) character file.

53 Khress the Digger (level 3, 0/28 HPs)
             Began as a Deep Dwarf Earth Elementalist on Feb 20, 2018.
             Was an Initiate of Gozag.
             Slain by an ice beast (5 damage)
             ... on level 2 of the Dungeon.
             The game lasted 00:16:44 (2066 turns).

Khress the Digger (Deep Dwarf Earth Elementalist)   Turns: 2066, Time: 00:16:45

Health: 0/28       AC:  2    Str: 11    XL:     3   Next: 62%
Magic:  3/6        EV: 13    Int: 19    God:    Gozag
Gold:   79         SH:  0    Dex: 13    Spells: 3/6 levels left

rFire    . . .     SeeInvis .   h - +1 dagger (protect)
rCold    . . .     Gourm    .   (no shield)
rNeg     . . .     Faith    .   c - +0 robe
rPois    .         Spirit   .   (no helmet)
rElec    .         Reflect  .   (no cloak)
rCorr    .         Harm     .   (no gloves)
MR       .....     Rnd*Tele +   (no boots)
Stlth    ++........             (no amulet)
HPRegen  0.00/turn              a - ring of teleportation (curse)
MPRegen  0.10/turn              l - +3 ring of intelligence

@: non-regenerating
A: damage resistance, heal wounds, sense surroundings 1, no regeneration
a: Heal Wounds, Potion Petition, Call Merchant, Bribe Branch, Renounce Religion


You were on level 2 of the Dungeon.
You worshipped Gozag.
Gozag was noncommittal.
You were not hungry.

You visited 1 branch of the dungeon, and saw 2 of its levels.

You collected 98 gold pieces.
You paid 19 gold pieces to Gozag.

Inventory:

Hand Weapons
 g - a +0 dagger
 h - a +1 dagger of protection (weapon)
 m - a +0 short sword
Missiles
 b - 50 stones (quivered)
 i - 28 arrows
 j - 24 sling bullets
Armour
 c - a +0 robe (worn)
 k - a +0 leather armour
Jewellery
 a - a cursed ring of teleportation (left hand)
 l - a +3 ring of intelligence (right hand)
Scrolls
 f - 2 scrolls of identify
Books
 e - a book of Geomancy

   Spells                             Type                      Level
   a - Sandblast                      Earth                        1
   b - Passwall                       Transmutation/Earth          2
   c - Stone Arrow                    Conjuration/Earth            3
   d - Petrify                        Transmutation/Earth          4
   e - Lee's Rapid Deconstruction     Earth                        5
Comestibles
 d - 3 rations


   Skills:
 + Level 2.5 Dodging
 + Level 2.4 Stealth
 + Level 2.4 Spellcasting
 + Level 1.1 Transmutations
 + Level 5.1 Earth Magic


You had 3 spell levels left.
You knew the following spells:

 Your Spells              Type           Power        Failure   Level  Hunger
a - Sandblast             Erth           ###...       1%          1    #......
b - Passwall              Tmut/Erth      ##........   7%          2    ##.....


Dungeon Overview and Level Annotations

Branches:
Dungeon (2/15)

Altars:
Dithmenos
Gozag
Uskayaw
Vehumet


Innate Abilities, Weirdness & Mutations

You are resistant to damage.
You can heal yourself by infusing magical energy.
You passively map a small area around you.
You do not regenerate.


Message History

Confirm with . or Enter, or press ? or * to list all spells.
Aiming: Sandblast
Press: ? - help, Shift-Dir - straight line, f/p - ice beast
Aim: an ice beast (moderately wounded)
The blast of sand hits the ice beast.
The ice beast is almost dead.
b - 51 stones The ice beast hits you.
The ice beast freezes you!
* * * LOW HITPOINT WARNING * * *
Casting: Sandblast
Confirm with . or Enter, or press ? or * to list all spells.
Aiming: Sandblast
Press: ? - help, Shift-Dir - straight line, f/p - ice beast
Aim: an ice beast (almost dead)
The blast of sand hits the ice beast.
The ice beast is almost dead.
b - 50 stones The ice beast hits you.
The ice beast freezes you!
You die...
Your body crumbles into a pile of gold.

# #..# #.8.8.#.# #
#..# #.._..#.# #
#..# #####.8..)#.# #
#..# #...##...'#.# #
#..# #.#..#####... #
#.)# #.#........⌠.
## #..#
#.##.#####...
.#####..#
#######.####...'#.#
#.......# #.@.....#
#.8...#.# .#.######
#Y####### #.._..#.#
.....# ### #.#####
#.8.8.#.# ##.#.# #..
.. ... ##...##.#
#.#.# #.#### #.#
#####... #.#.#
#.######.# *, , ..#
#.#.# #.##.....# .##
##.#.######.##.###.#
, ...#...........#
#.###### # *


You could see an ice beast.

Vanquished Creatures
  3 worms (D:2)
  A dart slug (D:1)
  A leopard gecko (D:1)
  9 bats
  4 giant cockroaches
  3 goblins
  2 hobgoblins
  9 kobolds
  A ball python (D:2)
  3 frilled lizards
  3 rats
39 creatures vanquished.

Notes
Turn   | Place    | Note
-------+----------+-------------------------------------------
     0 | D:1      | Khress the Deep Dwarf Earth Elementalist began the quest for the Orb.
     0 | D:1      | Reached XP level 1. HP: 15/15 MP: 3/3
   203 | D:1      | Reached XP level 2. HP: 19/22 MP: 1/4
   810 | D:2      | Found a faded altar of an unknown god.
   816 | D:2      | Reached XP level 3. HP: 24/28 MP: 1/6
   958 | D:2      | Learned a level 2 spell: Passwall
  1069 | D:2      | Reached skill level 5 in Earth Magic
  1161 | D:2      | Reached skill level 1 in Transmutations
  1283 | D:2      | Found a radiant altar of Vehumet.
  1296 | D:2      | Became a worshipper of Vehumet
  1313 | D:2      | Found a shadowy altar of Dithmenos.
  1434 | D:2      | Found an opulent altar of Gozag.
  1458 | D:2      | Found a hide-covered altar of Uskayaw.
  1470 | D:2      | Fell from the grace of Vehumet
  1470 | D:2      | Became a worshipper of Gozag Ym Sagoz the Greedy
  2063 | D:2      | Noticed an ice beast
  2066 | D:2      | Slain by an ice beast

Skill      XL: |  1  2  3 |
---------------+----------+-----
Spellcasting   | 2 |  2.4
Earth Magic    | 5 |  5.1
Transmutations | 1 |  1.1
Dodging        | |  2.5
Stealth        | |  2.4

Action                   || total
-------------------------++-------
Melee: Unarmed           ||    31
       Dagger            ||    20
Throw: Stone             ||     8
 Cast: Sandblast         ||    50
       Passwall          ||     4
  Use: Scroll            ||     2
  Eat: Ration            ||     2
Armor: Robe              ||    21
Dodge: Dodged            ||    62
